 Dungeon Crawl Stone Soup version 0.31.0-11-ge490571c62 (webtiles) character file.

Game seed: 10360790907470827941

62 qw the Shooter (level 3, -2/20 HPs)
             Began as a Deep Elf Hunter on Feb 3, 2024.
             Succumbed to a gnoll's poison
             ... on level 2 of the Dungeon.
             The game lasted 00:00:04 (1258 turns).

qw the Shooter (Deep Elf Hunter)                    Turns: 1258, Time: 00:00:04

Health: -2/20      AC:  4    Str: 10    XL:     3   Next: 85%
Magic:  5/5        EV: 12    Int: 13    God:
Gold:   47         SH:  0    Dex: 18    Spells: 2/2 levels left

rFire   . . .        a - +0 shortbow
rCold   . . .        (shield currently unavailable)
rNeg    . . .        c - +0 leather armour
rPois   .            (no helmet)
rElec   .            g - +0 cloak
rCorr   .            (no gloves)
SInv    .            (no boots)
Will    .....        (no amulet)
Stlth   ++           (no ring)
HPRegen 0.23/turn    (no ring)
MPRegen 0.09/turn

%: no passive effects
@: lethally poisoned (-2 -> -11)
A: no striking features
a: no special abilities


You were on level 2 of the Dungeon.
You visited 1 branch of the dungeon, and saw 2 of its levels.

You collected 47 gold pieces.


   Skills:
 - Level 1.5 Fighting
 + Level 7.3 Ranged Weapons
 - Level 2.4 Dodging
 - Level 1.2 Stealth


You had 2 spell levels left.
You didn't know any spells.
Your spell library was empty.

Inventory:

Hand Weapons
 a - a +0 shortbow (weapon)
Armour
 c - a +0 leather armour (worn)
 g - a +0 cloak (worn)
Scrolls
 d - 2 scrolls of identify
Potions
 b - a potion of might {unknown}
 f - a potion of haste
 h - a potion of degeneration {unknown}
 i - a potion of enlightenment {unknown}

Dungeon Overview and Level Annotations

Branches:
Dungeon (2/15)

Altars:


Message History

A gnoll is wielding a +1 spear of venom and quivering 2 throwing nets.
The adder hisses angrily.
The gnoll shouts!
A gnoll comes into view. It is wielding a +0 spear.
You hear an angry hiss. x2
Enter note:
Enter note:
Enter note:
Enter note:
1249 ||| RETREEEEATING.
You hear a shout!
You hear an angry hiss. x2
You shoot an arrow. The arrow misses the adder.
The adder closely misses you.
You shoot an arrow. The arrow hits the adder!
The adder is severely wounded.
The adder bites you but does no damage. The adder bites you.
You shoot an arrow. The arrow hits the adder.
The adder is almost dead.
The adder bites you.
You shoot an arrow. The arrow closely misses the adder.
The adder misses you. The gnoll closely misses you.
You shoot an arrow. The arrow hits the adder.
You kill the adder!
The gnoll barely misses you.
You shoot an arrow. The arrow barely misses the gnoll.
The gnoll hits you with a +0 club.
The gnoll hits you from afar with a +1 spear of venom.
You are poisoned.
You shoot an arrow.
The arrow hits the gnoll but does no damage.
You feel sick.
A ball python comes into view.
The gnoll hits you with a +0 club. The gnoll hits you but does no damage.
You are lethally poisoned!
You shoot an arrow. The arrow hits the gnoll!
The gnoll is heavily wounded.
You feel very sick. The gnoll hits you with a +0 club! The gnoll misses you.
You shoot an arrow. The arrow hits the gnoll.
The gnoll is almost dead.
You die...

#.#.#####.....#.
#.#.# ###..%..
#.#.# ##.#..
#.#.# #....
##.#.# ####...
#..#.# #.....#
#.##.# ##...#..
###.####
#...###. #.@.#
##.## #. #g###
#.# ## #g...P#
### # ...#.g.g.
..###


P#gg ... # ####### #.#. #...... #.?. ####### # .# You could see 2 gnolls.

Vanquished Creatures
  An adder (D:2)
  A ribbon worm (D:2)
  An orc (D:2)
  5 ball pythons
  4 bats
  7 endoplasms
  3 goblins
  5 hobgoblins (D:1)
  8 jackals
  A quokka (D:1)
  3 frilled lizards
  A kobold (D:2)
  3 rats
43 creatures vanquished.

Notes
Turn   | Place    | Note
-------+----------+-------------------------------------------
     0 | D:1      | qw the Deep Elf Hunter began the quest for the Orb.
     0 | D:1      | Reached XP level 1. HP: 12/12 MP: 3/3
     0 | D:1      | 0 ||| qw: Version: 0.3-a-158-g18b3111
     0 | D:1      | 0 ||| qw: Game counter: 4183
     0 | D:1      | 0 ||| qw: Melee chars always use a shield: true
     0 | D:1      | 0 ||| qw: God list: Okawaru
     0 | D:1      | 0 ||| qw: Allow faded altars: false
     0 | D:1      | 0 ||| qw: Do Orc after clearing Dungeon:15 true
     0 | D:1      | 0 ||| qw: Do second Lair branch before Depths: true
     0 | D:1      | 0 ||| qw: Lair rune preference: random
     0 | D:1      | 0 ||| qw: Goals: Normal
     0 | D:1      | 0 ||| PLANNING D:1-11
   246 | D:1      | Reached XP level 2. HP: 16/16 MP: 4/4
   258 | D:1      | Reached skill level 6 in Ranged Weapons
   669 | D:1      | 669 ||| UPGRADING to +0 cloak.
   674 | D:1      | 674 ||| READING 2 scrolls labelled ONODYC ZOANLU.
   675 | D:1      | 675 ||| READING scroll labelled EZILUI LAMEM API.
   680 | D:1      | 680 ||| READING scroll labelled KONISTR BOUTA.
   781 | D:1      | 781 ||| READING scroll labelled MITIKI LOXZUOTZ.
   781 | D:1      | 781 ||| IDENTIFYING bubbling sapphire potion
   782 | D:1      | 782 ||| READING scroll labelled LAMPEO ONYODO.
   783 | D:1      | 783 ||| DROPPING scroll of butterflies.
   784 | D:1      | 784 ||| DROPPING scroll of noise.
   844 | D:2      | Reached XP level 3. HP: 20/20 MP: 5/5
   995 | D:2      | Reached skill level 7 in Ranged Weapons
  1249 | D:2      | 1249 ||| RETREEEEATING.
  1257 | D:2      | HP: 1/20 [gnoll/+0 club (7)]
  1258 | D:2      | Succumbed to a gnoll's poison

Levels and vault maps discovered:
D:1:      sevenhm_arrival_forest_fort_small_3, layout_loops_ring
D:2:      layout_rooms, minmay_shallow_snake_nest, uniq_robin

Skill      XL: |  1  2  3 |
---------------+----------+-----
Ranged Weapons | 6 7 |  7.3
Fighting       | |  1.5
Dodging        | |  2.4
Stealth        | |  1.2

Action                     || total
---------------------------++-------
   Fire: Shortbow          ||   134
    Use: Scroll            ||     5
 Armour: Leather armour    ||    32
  Dodge: Dodged            ||    48

Table legend:
 A = Non-vault XP
 B = Vault XP
 C = Vault XP percentage of total XP
 D = Non-vault monster count
 E = Vault monster count
 F = Vault count percentage of total count
                 A         B        C        D         E       F
            +---------+---------+-------+---------+---------+-------
      Total |      89 |       0 |   0.0 |      43 |       0 |   0.0
            +---------+---------+-------+---------+---------+-------
        D:1 |      38 |       0 |   0.0 |      22 |       0 |   0.0
        D:2 |      51 |       0 |   0.0 |      21 |       0 |   0.0
            +---------+---------+-------+---------+---------+-------
